 Dungeon Crawl Stone Soup version 0.28.0-47-ge53b351184 (webtiles) character file.

Game seed: 15508282549042771448

430 Bruhh the Chiller (level 6, -2/66 HPs)
             Began as a Gnoll Ice Elementalist on Apr 29, 2022.
             Was an Initiate of Ashenzari.
             Slain by a hornet zombie (4 damage)
             ... on level 4 of the Dungeon.
             The game lasted 00:12:01 (5080 turns).

Bruhh the Chiller (Gnoll Ice Elementalist)          Turns: 5080, Time: 00:12:02

Health: -2/66      AC: 30    Str:  7 (8)  XL:     6   Next: 99%
Magic:  13/14      EV:  2    Int: 14 (16) God:    Ashenzari [......]
Gold:   139        SH:  0    Dex:  9 (12) Spells: 8/15 levels left

rFire   . . .      SeeInvis .   e - +3 dagger
rCold   . . .      Faith    .   (no shield)
rNeg    . . .      Spirit   .   (armour currently unavailable)
rPois   +          Reflect  .   (helmet currently unavailable)
rElec   .          Harm     .   (cloak currently unavailable)
rCorr   .          Rampage  .   (gloves currently unavailable)
Will    .....      NoTele   +   (boots currently unavailable)
Stlth   ++........              (no amulet)
HPRegen 0.21/turn               (no ring)
MPRegen 0.14/turn               (no ring)

@: brilliant, ice-armoured, tree-form, attractive
A: stationary, stasis, torment immunity, boosted hp, (fangs 1), strong nose,
distributed training
a: Renounce Religion


You were on level 4 of the Dungeon.
You worshipped Ashenzari.
Ashenzari was noncommittal.
You were a tree.
You visited 2 branches of the dungeon, and saw 5 of its levels.

You collected 139 gold pieces.

Inventory:

Hand Weapons
 e - a +3 dagger (weapon)
Armour
 a - a +0 robe
 i - a +0 robe of fire resistance (melded)
Wands
 c - a wand of flame (18)
 f - a wand of charming (5)
Scrolls
 b - 2 scrolls of fog {unknown}
 d - 2 scrolls of blinking {unknown}
 g - a scroll of torment {unknown}
 k - 4 scrolls of enchant armour {unknown}
 l - 4 scrolls of identify {unknown}
 o - a scroll of vulnerability {unknown}


   Skills:
 + Level 2.2 Fighting
 + Level 2.2 Short Blades
 + Level 2.2 Long Blades
 + Level 2.2 Axes
 + Level 2.2 Maces & Flails
 + Level 2.2 Polearms
 + Level 2.2 Staves
 + Level 2.2 Slings
 + Level 2.2 Bows
 + Level 2.2 Crossbows
 + Level 2.2 Throwing
 + Level 2.2 Armour
 + Level 5.1 Dodging
 + Level 4.7 Stealth
 + Level 2.2 Shields
 + Level 2.2 Unarmed Combat
 + Level 5.4 Spellcasting
 + Level 1.7 Conjurations
 + Level 1.7 Hexes
 + Level 1.7 Summonings
 + Level 1.7 Necromancy
 + Level 1.7 Translocations
 + Level 1.7 Transmutations
 + Level 1.7 Fire Magic
 + Level 7.3 Ice Magic
 + Level 1.7 Air Magic
 + Level 1.7 Earth Magic
 + Level 1.7 Poison Magic
 + Level 2.4 Invocations
 + Level 2.2 Evocations


You had 8 spell levels left.
You knew the following spells:

 Your Spells              Type           Power      Damage    Failure   Level
a - Freeze                Ice            100%       1d11      1%          1
b - Frozen Ramparts       Ice            72%        1d9       2%          3
c - Ozocubu's Armour      Ice            36%        N/A       2%          3

Your spell library contained the following spells:

 Spells                   Type           Power      Damage    Failure   Level
 Summon Small Mammal      Summ           52%        N/A       9%          1
 Call Canine Familiar     Summ           13%        N/A       24%         3
 Gell's Gravitas          Tloc           13%        N/A       24%         3
 Lesser Beckoning         Tloc           13%        N/A       24%         3
 Summon Guardian Golem    Hex/Summ       13%        N/A       24%         3
 Teleport Other           Tloc           13%        N/A       24%         3
 Hailstorm                Conj/Ice       24%        3d7       26%         4
 Ozocubu's Refrigeration  Ice            18%        4d8       100%        7


Dungeon Overview and Level Annotations

Branches:
Dungeon (4/15)             Temple (1/1) D:4

Altars:
Ashenzari
Dithmenos
Elyvilon
Fedhas
Hepliaklqana
Makhleb
Okawaru
Qazlal
Trog
Uskayaw
Wu Jian
Zin

Shops:
D:3 [


Innate Abilities, Weirdness & Mutations

You are a tree.
Your roots penetrate the ground, keeping you stationary.
You cannot be teleported.
You are immune to unholy pain and torment.
Your maximum health is greatly increased.
Your equipment is partially melded.
((You have very sharp teeth.))
Your uncanny sense of smell can sniff out nearby items.
Your experience applies equally to all skills.


Message History

You hit the hornet zombie.
The hornet zombie is severely damaged.
The hornet zombie misses you.
The hornet zombie completely misses you.
You hit the hornet zombie but do no damage.
The hornet zombie is severely damaged.
The hornet zombie closely misses you.
You barely miss the hornet zombie.
The hornet zombie is severely damaged.
The hornet zombie closely misses you.
You hit the hornet zombie.
The hornet zombie is severely damaged.
The hornet zombie hits you.
* * * LOW HITPOINT WARNING * * *
It was a potion of degeneration.
There was something very wrong with that liquid.
You feel weakened.
You feel dopey.
You feel clumsy. The hornet zombie closely misses you.
It was a potion of lignification.
You turn into a tree.
Your +0 robe of fire resistance melds into your body.
You feel less resistant to fire.
Your roots penetrate the ground.
The hornet zombie hits you but does no damage. x2
It was a potion of brilliance.
You feel clever all of a sudden.
The hornet zombie hits you but does no damage.
It was a potion of attraction.
You feel attractive to monsters. The hornet zombie hits you.
* * * LOW HITPOINT WARNING * * *
It was a potion of magic.
Magic courses through your body. The hornet zombie barely misses you. x2
Casting: Ozocubu's Armour (dangerous; 2% risk of failure)
Confirm with . or Enter, or press ? or * to list all spells.
Aiming: Freeze (safe; 1% risk of failure)
Press: ? - help, Shift-Dir - straight line, f - hornet zombie
Aim: a hornet zombie (severely damaged)
You feel a surge of power!
You freeze the hornet zombie but do no damage.
The hornet zombie completely resists.
The hornet zombie hits you.
You die...

.....<###....#######.##.. #.....#
#####.....#.## #..# #.##.....#
...##.....#...## ##.####..#....##
......##..###...##............###
...#####....###................##
...######...##.....#.#######.....
.........).......###.#######..#..
..######.....##.....[#...⌠.....#.
### #.#.#.#.Z♣...##.........##
#.#..........##.⌠.>.⌠....# ###
.............##.......:#.. ..#
...###...)....##...⌠....##. #.#
...# #........###...###.##. ###
..........##...###..##.
#.###.#.#.###.####..###. ∆ ..
#.#....... ##^## #. #..# #...#
#..# ##


You could see a hornet zombie.

Vanquished Creatures
  2 orc priests
  3 hounds (D:3)
  Crazy Yiuf (D:2)
  Jessica (D:2)
  3 orc wizards (D:3)
  A gnoll (D:3)
  4 adders
  An adder skeleton (D:4)
  3 worms
  A dart slug (D:4)
  9 orcs
  10 endoplasms
  5 giant cockroaches
  6 goblins
  2 hobgoblins
  3 jackals (D:1)
  2 quokkas
  10 ball pythons
  8 bats
  3 frilled lizards
  6 kobolds
  7 rats
91 creatures vanquished.

Vanquished Creatures (others)
  2 fungi (D:2)
2 creatures vanquished.

Grand Total: 93 creatures vanquished

Notes
Turn   | Place    | Note
-------+----------+-------------------------------------------
     0 | D:1      | Bruhh the Gnoll Ice Elementalist began the quest for the
                  | Orb.
     0 | D:1      | Reached XP level 1. HP: 13/13 MP: 6/6
   433 | D:1      | Reached XP level 2. HP: 19/19 MP: 5/7
  1045 | D:2      | Reached XP level 3. HP: 22/25 MP: 9/9
  1084 | D:2      | Reached skill level 5 in Spellcasting
  1147 | D:2      | Found a white marble altar of Elyvilon.
  1190 | D:2      | Found a faded altar of an unknown god.
  1249 | D:2      | Reached skill level 1 in Invocations
  1291 | D:2      | Noticed Jessica
  1299 | D:2      | Killed Jessica
  1300 | D:2      | Reached skill level 1 in Fighting
  1300 | D:2      | Reached skill level 1 in Short Blades
  1300 | D:2      | Reached skill level 1 in Long Blades
  1300 | D:2      | Reached skill level 1 in Axes
  1300 | D:2      | Reached skill level 1 in Maces & Flails
  1300 | D:2      | Reached skill level 1 in Polearms
  1300 | D:2      | Reached skill level 1 in Staves
  1300 | D:2      | Reached skill level 1 in Slings
  1300 | D:2      | Reached skill level 1 in Bows
  1300 | D:2      | Reached skill level 1 in Crossbows
  1300 | D:2      | Reached skill level 1 in Throwing
  1300 | D:2      | Reached skill level 1 in Armour
  1300 | D:2      | Reached skill level 1 in Shields
  1300 | D:2      | Reached skill level 1 in Unarmed Combat
  1300 | D:2      | Reached skill level 1 in Evocations
  1300 | D:2      | Reached XP level 4. HP: 32/32 MP: 8/11
  1673 | D:2      | Reached skill level 1 in Conjurations
  1673 | D:2      | Reached skill level 1 in Hexes
  1673 | D:2      | Reached skill level 1 in Summonings
  1673 | D:2      | Reached skill level 1 in Necromancy
  1673 | D:2      | Reached skill level 1 in Translocations
  1673 | D:2      | Reached skill level 1 in Transmutations
  1673 | D:2      | Reached skill level 1 in Fire Magic
  1673 | D:2      | Reached skill level 1 in Air Magic
  1673 | D:2      | Reached skill level 1 in Earth Magic
  1673 | D:2      | Reached skill level 1 in Poison Magic
  1950 | D:2      | Found a runed translucent door.
  1951 | D:2      | Noticed Crazy Yiuf
  1958 | D:2      | Killed Crazy Yiuf
  1959 | D:2      | Reached XP level 5. HP: 22/37 MP: 8/12
  2177 | D:3      | Found Faeblap's Antique Armour Emporium.
  2510 | D:3      | Reached XP level 6. HP: 24/44 MP: 9/13
  2676 | D:3      | Reached skill level 5 in Dodging
  2912 | D:3      | Learned a level 3 spell: Frozen Ramparts
  2916 | D:3      | Learned a level 3 spell: Ozocubu's Armour
  3686 | D:4      | Found a burning altar of Makhleb.
  3689 | D:4      | Found a staircase to the Ecumenical Temple.
  4555 | Temple   | Entered the Ecumenical Temple
  4886 | Temple   | Became a worshipper of Ashenzari the Shackled
  5074 | D:4      | HP: 2/44 [hornet zombie (4)]
  5080 | D:4      | Slain by a hornet zombie

Illustrated notes

Levels and vault maps discovered:
D:1:      minmay_arrival_four_circles, layout_basic
D:2:      layout_basic, hellmonk_ecumenical_altar_run_dry, basic_altar,
          grunt_ministairs_3, uniq_crazy_yiuf_cottage, uniq_jessica
D:3:      layout_basic, serial_shops, nicolae_lakefront_shop,
          cheibrodos_gnoll_hut
D:4:      layout_rooms, mainiacjoe_overflow_chevrons, temple_fountains
Temple:   minmay_temple_curvy_loop

Skill      XL: |  1  2  3  4  5  6 |
---------------+-------------------+-----
Spellcasting   | 5 |  5.4
Invocations    | 1 2 |  2.4
Fighting       | 1 2 |  2.2
Short Blades   | 1 2 |  2.2
Long Blades    | 1 2 |  2.2
Axes           | 1 2 |  2.2
Maces & Flails | 1 2 |  2.2
Polearms       | 1 2 |  2.2
Staves         | 1 2 |  2.2
Slings         | 1 2 |  2.2
Bows           | 1 2 |  2.2
Crossbows      | 1 2 |  2.2
Throwing       | 1 2 |  2.2
Armour         | 1 2 |  2.2
Shields        | 1 2 |  2.2
Unarmed Combat | 1 2 |  2.2
Evocations     | 1 2 |  2.2
Conjurations   | 1 |  1.7
Hexes          | 1 |  1.7
Summonings     | 1 |  1.7
Necromancy     | 1 |  1.7
Translocations | 1 |  1.7
Transmutations | 1 |  1.7
Fire Magic     | 1 |  1.7
Air Magic      | 1 |  1.7
Earth Magic    | 1 |  1.7
Poison Magic   | 1 |  1.7
Dodging        | 5 |  5.1
Stealth        | |  4.7
Ice Magic      | |  7.3

Action                   |  1- 3 |  4- 6 || total
-------------------------+-------+-------++-------
Melee: Unarmed           |    21 |       ||    21
       Bite              |     3 |     9 ||    12
       Punch             |     1 |     3 ||     4
       Dagger            |    20 |    84 ||   104
 Cast: Freeze            |    28 |    76 ||   104
       Frozen Ramparts   |       |     4 ||     4
       Ozocubu's Armour  |       |     2 ||     2
  Use: Potion            |       |     8 ||     8
 Stab: Sleeping          |     4 |     1 ||     5
Armor: Robe              |    13 |    20 ||    33
       Skin              |       |     3 ||     3
Dodge: Dodged            |    37 |    85 ||   122
